 Dungeon Crawl Stone Soup version 0.20-a0-370-gd6af2a4 (webtiles) character file.

20955 tboon the Severer (level 12, -3/165 HPs)
             Began as a Minotaur Berserker on Dec 25, 2016.
             Was a High Priest of Trog.
             Slain by a nine-headed hydra (7 damage)
             ... on level 3 of the Lair of Beasts on Dec 27, 2016.
             The game lasted 00:46:02 (12152 turns).

tboon the Severer (Minotaur Berserker)             Turns: 12152, Time: 00:46:03

Health: -3/165     AC: 20    Str: 27    XL:     12   Next: 49%
Magic:  3/3        EV: 13    Int: 10    God:    Trog [*****.]
Gold:   899        SH:  0    Dex: 14    Spells: 11/11 levels left

rFire  . . .     SeeInvis .     L - +3 battleaxe (antimagic)
rCold  + . .     Gourm    .     I - +0 plate armour
rNeg   . . .     Faith    .     (shield currently unavailable)
rPois  .         Spirit   .     a - +1 hat {Int+3}
rElec  .         Reflect  .     p - +1 cloak
rCorr  .         Harm     .     (no gloves)
MR     ++...                    k - +0 pair of boots
Stlth  ..........               H - amulet of regeneration {+regen, !d}
                                (no ring)
                                E - ring of protection from cold {rC+, !d}

@: berserking, regenerating, slowed
A: retaliatory headbutt, horns 2, clever 1
a: Berserk, Trog's Hand, Brothers in Arms, Burn Spellbooks, Renounce Religion


You were on level 3 of the Lair of Beasts.
You worshipped Trog.
Trog was extremely pleased with you.
You were very hungry.

You visited 3 branches of the dungeon, and saw 15 of its levels.

You collected 899 gold pieces.

Inventory:

Hand Weapons
 d - a +4 hand axe of flaming
   (You found it on level 1 of the Dungeon)
 L - a +3 antimagic battleaxe (weapon)
   (Trog gifted it to you on level 3 of the Lair of Beasts)
Armour
 a - a +1 hat of intelligence (worn)
   (You took it off Gastronok on level 2 of the Lair of Beasts)
 k - a +0 pair of boots (worn)
   (You found it on level 2 of the Dungeon)
 p - a +1 cloak (worn)
   (You took it off Crazy Yiuf on level 2 of the Dungeon)
 I - a +0 plate armour (worn)
   (You found it on level 9 of the Dungeon)
Jewellery
 E - a ring of protection from cold (left hand) {rC+, !d}
   (You found it on level 8 of the Dungeon)
 H - an amulet of regeneration (around neck) {+regen, !d}
   (You found it on level 9 of the Dungeon)
Wands
 C - a wand of flame (17/48)
   (You found it on level 7 of the Dungeon)
 G - a wand of lightning (6/15)
   (You found it on level 9 of the Dungeon)
Scrolls
 b - a scroll of acquirement {unknown}
 g - 2 scrolls of fog
 h - a scroll of random uselessness {unknown}
 j - 5 scrolls of teleportation
 r - 2 scrolls of recharging
 w - 6 scrolls of remove curse
 y - 4 scrolls of immolation {!r}
 z - a scroll of enchant armour {unknown}
 D - a scroll of holy word {unknown}
 J - a scroll of fear {unknown}
Potions
 e - 5 potions of agility
 f - 6 potions of brilliance
 m - a potion of heal wounds {unknown}
 n - 5 potions of curing
 q - 6 potions of might
 t - a potion of lignification {unknown}
 u - a potion of magic {unknown}
 x - a potion of invisibility {unknown}
 A - a potion of resistance {unknown}
 B - a potion of flight {unknown}
 F - a potion of cure mutation {unknown}
Comestibles
 c - 8 bread rations
 i - 4 meat rations
 o - 23 fruits
 v - 6 beef jerkies
 K - 7 slices of pizza


   Skills:
 + Level 11.5 Fighting
 * Level 15.2 Axes
 + Level 11.6 Armour
 + Level 10.8 Dodging


You had 11 spell levels left.
You didn't know any spells.

Dungeon Overview and Level Annotations

Branches:
Dungeon (10/15)            Temple (1/1) D:7            Lair (4/6) D:10
  Swamp (0/4) Lair:3       Spider (0/4) Lair:3
    Orc: D:9-12

Altars:
Ashenzari
Dithmenos
Fedhas
Gozag
Kikubaaqudgha
Makhleb
Okawaru
Qazlal
Sif Muna
Trog
Uskayaw
Vehumet
Xom
Yredelemnul
The Shining One
Beogh

Annotations:
Lair:1 exclusion: oklob plant
Lair:2 exclusion: oklob plant
Lair:3 Josephine


Innate Abilities, Weirdness & Mutations

You reflexively headbutt those who attack you in melee.
You have a pair of horns on your head.
Your mind is acute. (Int +2)


Message History

The wraith barely misses you. You furiously retaliate!
You headbutt the wraith!
The wraith hits you but does no damage. x2
An elephant comes into view.
The elephant trumpets!
You hit Josephine but do no damage.
Josephine is lightly wounded.
You closely miss the wraith.
You slice one of the seven-headed hydra's heads off!
The six-headed hydra grows two more!
You slash the eight-headed hydra! You slash the wraith!
You hit the wraith but do no damage. The eight-headed hydra bites you.
The eight-headed hydra bites you! x2
The eight-headed hydra closely misses you.
The eight-headed hydra bites you but does no damage.
The eight-headed hydra barely misses you.
The eight-headed hydra bites you but does no damage. x2
Josephine barely misses you. The wraith barely misses you.
You furiously retaliate!
You headbutt the wraith, but do no damage.
The wraith hits you but does no damage. The wraith closely misses you.
The eight-headed hydra bites you but does no damage. x2
The eight-headed hydra bites you.
The eight-headed hydra completely misses you.
The eight-headed hydra bites you but does no damage. x2
The eight-headed hydra bites you! The eight-headed hydra bites you.
You closely miss Josephine. You headbutt Josephine!
Josephine is moderately wounded.
You hit the wraith.
You hack one of the eight-headed hydra's heads off!
The seven-headed hydra grows two more!
You slash the nine-headed hydra! You slash the wraith!
You hit the wraith but do no damage. Josephine hits you but does no damage.
The wraith barely misses you. x2
You furiously retaliate!
You headbutt the wraith. The wraith hits you but does no damage.
The nine-headed hydra closely misses you. x3
The nine-headed hydra bites you but does no damage. x5
The nine-headed hydra barely misses you.
Josephine hits you but does no damage. The wraith misses you.
The wraith hits you but does no damage. x2
The nine-headed hydra misses you. x2; The nine-headed hydra bites you.
The nine-headed hydra barely misses you.
The nine-headed hydra misses you. The nine-headed hydra bites you.
The nine-headed hydra bites you but does no damage.
The nine-headed hydra barely misses you.
The nine-headed hydra bites you but does no damage.
Josephine hits you with a dagger of protection.
The wraith misses you. The wraith hits you!
* * * LOW HITPOINT WARNING * * *
The wraith drains your vigour!
You feel as though you will be slow longer.
The wraith hits you but does no damage.
The nine-headed hydra barely misses you.
The nine-headed hydra misses you.
The nine-headed hydra closely misses you.
The nine-headed hydra bites you!
* * * LOW HITPOINT WARNING * * *
The nine-headed hydra bites you.
* * * LOW HITPOINT WARNING * * *
The nine-headed hydra bites you but does no damage. x3
The nine-headed hydra bites you!
* * * LOW HITPOINT WARNING * * *
You climb upwards.
There is a stone staircase leading down here.
Okay, then.
You feel better. Josephine closely misses you. The wraith barely misses you.
The wraith hits you!
* * * LOW HITPOINT WARNING * * *
The wraith drains your vigour!
You feel as though you will be slow longer.
The wraith barely misses you. You furiously retaliate!
You headbutt the wraith.
You destroy the wraith!
Trog accepts your kill. The nine-headed hydra bites you!
* * * LOW HITPOINT WARNING * * *
The nine-headed hydra misses you.
The nine-headed hydra closely misses you.
The nine-headed hydra bites you but does no damage. x3
The nine-headed hydra barely misses you.
The nine-headed hydra bites you but does no damage. x2
Josephine hits you but does no damage. The wraith hits you.
* * * LOW HITPOINT WARNING * * *
The wraith completely misses you.
A red film seems to cover your vision as you go berserk!
You feel yourself moving faster!
You feel mighty!
You are feeling very hungry.
The nine-headed hydra misses you.
The nine-headed hydra closely misses you.
The nine-headed hydra barely misses you.
The nine-headed hydra bites you.
* * * LOW HITPOINT WARNING * * *
The nine-headed hydra barely misses you.
The nine-headed hydra bites you.
* * * LOW HITPOINT WARNING * * *
The nine-headed hydra barely misses you.
The nine-headed hydra bites you but does no damage. x2
The wraith hits you but does no damage. Josephine barely misses you.
The wraith barely misses you. You furiously retaliate!
You headbutt the wraith.
The nine-headed hydra barely misses you.
The nine-headed hydra bites you but does no damage.
The nine-headed hydra bites you!
You die...

..###.......###..................
..##.........#...................
..##.........##...#....##........
..##....<....##...##...##........
...#.........##......P#..........
..##.........##......(........P..
..###.......###....#.#.....P.#..#
..####.....####.W....#...(#......
...#####†#####.@@D...............
....#..#.####...W.........#..#...
#.......................#.##P###.
#....................#P.###### ##
###.....###.............##
#....### #####.....#.##.# ######
##.#..##.### #.####### ###


You could see a nine-headed hydra, Josephine and 2 wraiths.

Vanquished Creatures
  Gastronok (Lair:2)
  A hydra (Lair:3)
  A two-headed ogre (D:8)
  The ghost of arazyal the Covert, a journeyman VSNe (Lair:2)
  Nergalle (D:10)
  A black mamba (Lair:3)
  Joseph (D:7)
  5 spiny frogs
  A rime drake (Lair:1)
  5 komodo dragons (Lair:3)
  Grinder (D:3)
  7 blink frogs
  2 hippogriffs
  3 hogs (D:10)
  A redback (Lair:3)
  7 yaks
  A wraith (Lair:3)
  2 wyverns
  A human (D:10)
  A hungry ghost (D:10)
  8 water moccasins
  6 porcupines
  An ice beast (D:9)
  7 orc warriors
  A necrophage (D:6)
  2 black bears
  3 phantoms
  A sky beast (D:8)
  10 wolves (Lair:2)
  4 ogres
  3 centaurs
  9 crocodiles
  A big kobold (D:8)
  11 bullfrogs
  A wyvern zombie (D:10)
  A scorpion (D:6)
  2 water moccasin zombies
  3 killer bees (D:8)
  6 wights
  4 electric eels (Lair:3)
  A howler monkey (D:4)
  A centaur zombie (D:9)
  5 crimson imps
  9 orc wizards
  11 hounds
  5 jellies
  6 orc priests
  Crazy Yiuf (D:2)
  Jessica (D:2)
  3 iguanas
  Natasha (thrice) (D:2)
  8 worker ants
  A killer bee zombie (D:8)
  A hound skeleton (D:7)
  3 worker ant zombies
  14 adders
  A howler monkey skeleton (D:4)
  A shadow imp (D:8)
  2 adder zombies
  A dart slug (D:1)
  4 leopard geckos
  69 orcs
  11 bats
  7 giant cockroaches
  5 hobgoblins
  17 jackals
  4 quokkas
  2 ball pythons
  6 frilled lizards
  5 goblins
  6 kobolds
  2 quokka skeletons
  12 rats
  2 fungi (D:10)
358 creatures vanquished.

Vanquished Creatures (collateral kills)
  Urug (D:10)
  The ghost of Wolfechu the Basher, a novice GrFi of Okawaru (D:8)
  2 orc warriors
  A black bear (D:10)
  An orc priest (D:8)
  8 orcs (D:8)
  A jackal (D:10)
15 creatures vanquished.

Vanquished Creatures (others)
  11 fungi
  4 plants
15 creatures vanquished.

Grand Total: 388 creatures vanquished

Notes
Turn   | Place    | Note
-------+----------+-------------------------------------------
     0 | D:1      | tboon the Minotaur Berserker began the quest for the Orb.
     0 | D:1      | Reached XP level 1. HP: 19/19 MP: 0/0
   108 | D:1      | Reached XP level 2. HP: 26/27 MP: 1/1
   152 | D:1      | Reached skill level 4 in Axes
   619 | D:2      | Reached skill level 4 in Fighting
   635 | D:2      | Reached XP level 3. HP: 33/33 MP: 2/2
   663 | D:2      | Noticed Jessica
   676 | D:2      | Killed Jessica
   676 | D:2      | Reached ** piety under Trog
   676 | D:2      | Reached skill level 3 in Armour
   720 | D:2      | Reached skill level 3 in Dodging
   720 | D:2      | Reached XP level 4. HP: 40/40 MP: 3/3
   788 | D:2      | Noticed Natasha
   801 | D:2      | HP: 7/40 [Natasha (6)]
   803 | D:2      | Killed Natasha
  1081 | D:2      | Noticed Natasha
  1084 | D:2      | Killed Natasha
  1201 | D:2      | Noticed Natasha
  1205 | D:2      | Killed Natasha
  1205 | D:2      | Reached XP level 5. HP: 46/47 MP: 4/4
  1316 | D:2      | Found a runed door.
  1429 | D:2      | Found a glowing golden altar of the Shining One.
  1759 | D:2      | Found a deep blue altar of Sif Muna.
  2020 | D:2      | Noticed Crazy Yiuf
  2024 | D:2      | Killed Crazy Yiuf
  2024 | D:2      | Reached skill level 5 in Axes
  2024 | D:2      | Reached skill level 4 in Armour
  2115 | D:3      | Noticed Grinder
  2132 | D:3      | Killed Grinder
  2132 | D:3      | Reached skill level 5 in Fighting
  2132 | D:3      | Reached skill level 4 in Dodging
  2132 | D:3      | Reached XP level 6. HP: 56/56 MP: 5/5
  2890 | D:3      | Reached *** piety under Trog
  2943 | D:3      | Reached XP level 7. HP: 61/61 MP: 6/6
  3049 | D:4      | Reached skill level 5 in Armour
  3203 | D:4      | Reached skill level 6 in Axes
  3322 | D:4      | Reached skill level 5 in Dodging
  3583 | D:4      | Found a burning altar of Makhleb.
  3750 | D:5      | Entered Level 5 of the Dungeon
  3850 | D:5      | Reached skill level 6 in Fighting
  3887 | D:5      | Reached skill level 7 in Axes
  3945 | D:5      | Reached **** piety under Trog
  3945 | D:5      | Reached XP level 8. HP: 63/70 MP: 7/7
  3978 | D:5      | Gained mutation: Your mind is acute. (Int +2) [potion of beneficial mutation]
  4466 | D:6      | Reached skill level 6 in Armour
  4490 | D:6      | Got a heavily runed leather armour
  4545 | D:6      | Reached skill level 8 in Axes
  4699 | D:6      | Reached skill level 6 in Dodging
  5173 | D:7      | Found an ancient bone altar of Kikubaaqudgha.
  5177 | D:7      | Found a staircase to the Ecumenical Temple.
  5216 | D:7      | Noticed a hippogriff
  5216 | D:7      | Reached skill level 7 in Fighting
  5234 | D:7      | Killed a hippogriff
  5234 | D:7      | Reached skill level 9 in Axes
  5241 | Temple   | Entered the Ecumenical Temple
  5336 | D:7      | Reached skill level 7 in Armour
  5494 | D:7      | Noticed Joseph
  5515 | D:7      | Killed Joseph
  5515 | D:7      | Reached XP level 9. HP: 79/79 MP: 8/8
  5610 | D:7      | Got a smoking ring mail
  5766 | D:7      | Identified the +3 leather armour of Urhat {Str+5} (You found it on level 6 of the Dungeon)
  5776 | D:7      | Identified the +0 ring mail "Hitiumma" {rN+} (You found it on level 7 of the Dungeon)
  5827 | D:8      | Reached skill level 7 in Dodging
  6052 | D:8      | Noticed a two-headed ogre
  6058 | D:8      | Killed a two-headed ogre
  6058 | D:8      | Reached skill level 8 in Fighting
  6058 | D:8      | Reached skill level 10 in Axes
  6140 | D:8      | Found a roughly hewn altar of Beogh.
  6156 | D:8      | Reached ***** piety under Trog
  6181 | D:8      | Reached skill level 8 in Armour
  6376 | D:8      | Noticed Wolfechu's ghost (novice GrFi)
  6392 | D:8      | Killed Wolfechu's ghost
  6426 | D:8      | Found an opulent altar of Gozag.
  6457 | D:8      | Reached skill level 11 in Axes
  6457 | D:8      | Reached XP level 10. HP: 89/90 MP: 9/9
  6659 | D:8      | Reached skill level 8 in Dodging
  7379 | D:9      | Found a basalt altar of Yredelemnul.
  7536 | D:9      | Reached skill level 9 in Armour
  7569 | D:9      | Reached skill level 9 in Fighting
  7772 | D:10     | Entered Level 10 of the Dungeon
  7807 | D:10     | Noticed Urug
  7941 | D:10     | HP: 19/91 [Urug/enchanted demon trident (8)]
  7944 | D:10     | HP: 8/91 [Urug/enchanted demon trident (12)]
  7950 | D:10     | Killed Urug
  7950 | D:10     | Reached skill level 12 in Axes
  8257 | D:10     | Found a staircase to the Lair.
  8258 | D:10     | Found an opulent altar of Gozag.
  8296 | D:10     | Reached skill level 9 in Dodging
  8453 | D:10     | Noticed Nergalle
  8467 | D:10     | Killed Nergalle
  8467 | D:10     | Reached XP level 11. HP: 99/99 MP: 10/10
  8843 | D:10     | Found a roughly hewn altar of Beogh.
  9076 | D:10     | Reached skill level 13 in Axes
  9124 | D:10     | Found a radiant altar of Vehumet.
  9301 | D:10     | Reached skill level 10 in Armour
  9306 | D:10     | Received a gift from Trog
  9387 | D:10     | Reached skill level 10 in Fighting
  9469 | D:10     | Upgraded the game from 0.20-a0-351-gc9b4002 to 0.20-a0-370-gd6af2a4
  9470 | Lair:1   | Entered Level 1 of the Lair of Beasts
 10126 | Lair:1   | Noticed an oklob plant
 10520 | Lair:2   | Noticed Gastronok
 10539 | Lair:2   | Killed Gastronok
 10539 | Lair:2   | Reached skill level 14 in Axes
 10539 | Lair:2   | Reached skill level 10 in Dodging
 10724 | Lair:2   | Noticed arazyal's ghost (journeyman VSNe)
 10758 | Lair:2   | Killed arazyal's ghost
 10758 | Lair:2   | Reached XP level 12. HP: 69/108 MP: 11/11
 10888 | Lair:2   | Reached skill level 11 in Armour
 11047 | Lair:2   | Reached skill level 11 in Fighting
 11327 | Lair:3   | Found a hole to the Spider Nest.
 11554 | Lair:3   | Found a staircase to the Swamp.
 11633 | Lair:3   | Noticed an eight-headed hydra
 11647 | Lair:3   | Killed a six-headed hydra
 11649 | Lair:3   | Reached skill level 15 in Axes
 11920 | Lair:3   | Received a gift from Trog
 12139 | Lair:4   | Noticed Josephine
 12139 | Lair:4   | Noticed a five-headed hydra
 12149 | Lair:4   | HP: 22/110 [nine-headed hydra (7)]
 12149 | Lair:4   | HP: 9/110 [nine-headed hydra (10)]
 12152 | Lair:3   | HP: 4/165 [nine-headed hydra (3)]
 12152 | Lair:3   | Slain by a nine-headed hydra

Vault maps used:
D:1:      tarquinn_simple_flora_water_d, minmay_strange_pillars
D:2:      led_sif_pool, lemuel_crystal_altar, dk_vineyard_1, hex_intersection,
          uniq_natasha, uniq_jessica, uniq_crazy_yiuf_cottage
D:3:      gup_sewer_entry_bubbles, st_stairs_11, lightli_corner_chamber,
          uniq_grinder
D:4:      makhleb_heckhound_becter, first_bread, minmay_misc_feat_five
D:5:      nicolae_ru_path_of_blood
D:7:      lemuel_crystal_altar, uniq_joseph
D:8:      lemuel_upstairs_altar, nicolae_gozag_seed_capital, special_room
D:9:      kennysheep_six_static_rooms, kennysheep_little_box
D:10:     due_lair_maze_entry_diamond, grunt_livestock, minivault_16,
          grunt_ministairs_14, hangedman_feature_mirror, uniq_urug,
          uniq_nergalle
Temple:   eino_narrow_crystal_temple
Lair:1:   wad_woods_06, st_stairs_5, grunt_megastairs_4,
          infiniplex_staircase_pool_2, minmay_lair_oklob_chamber
Lair:2:   minmay_lair_oklob_tunnel, uniq_gastronok
Lair:3:   minmay_swamp_entry_eels, spider_nest_entry_webs,
          nicolae_quartered_pool_medium, cheibrodos_lair_reptile_den
Lair:4:   pond_and_an_island_with_a_cottage, uniq_josephine

Skill      XL: |  1  2  3  4  5  6  7  8  9 10 11 12 |
---------------+-------------------------------------+-----
Axes           | 4 5 7 9 11 12 14 15 | 15.2
Fighting       | 4 5 6 7 8 9 10 11 | 11.5
Armour         | 3 4 5 7 8 9 10 11 | 11.6
Dodging        | 3 4 5 6 7 9 10 | 10.8

Action                   |  1- 3 |  4- 6 |  7- 9 | 10-12 || total
-------------------------+-------+-------+-------+-------++-------
Melee: Hand axe          |    41 |   103 |   305 |   593 ||  1042
       Headbutt          |     4 |     9 |    70 |   136 ||   219
       Battleaxe         |       |       |       |     8 ||     8
Invok: Berserk           |     3 |     4 |     4 |     6 ||    17
       Trog's Hand       |       |     2 |       |     4 ||     6
       Brothers in Arms  |       |       |     3 |     1 ||     4
Evoke: Wand              |       |       |     2 |    10 ||    12
  Use: Scroll            |       |       |    16 |     5 ||    21
       Potion            |       |       |     1 |     3 ||     4
  Eat: Chunk             |     1 |    11 |    16 |    20 ||    48
       Beef jerky        |       |     1 |       |       ||     1
       Fruit             |       |       |       |     3 ||     3
       Pizza             |       |       |       |     2 ||     2
Armor: Animal skin       |     9 |       |       |       ||     9
       Chain mail        |       |    30 |   113 |    12 ||   155
       Plate armour      |       |       |       |   229 ||   229
Dodge: Dodged            |    25 |    38 |   128 |   256 ||   447

Vault maps used:
D:1:      tarquinn_simple_flora_water_d, minmay_strange_pillars
D:2:      led_sif_pool, lemuel_crystal_altar, dk_vineyard_1, hex_intersection,
          uniq_natasha, uniq_jessica, uniq_crazy_yiuf_cottage
D:3:      gup_sewer_entry_bubbles, st_stairs_11, lightli_corner_chamber,
          uniq_grinder
D:4:      makhleb_heckhound_becter, first_bread, minmay_misc_feat_five
D:5:      nicolae_ru_path_of_blood
D:7:      lemuel_crystal_altar, uniq_joseph
D:8:      lemuel_upstairs_altar, nicolae_gozag_seed_capital, special_room
D:9:      kennysheep_six_static_rooms, kennysheep_little_box
D:10:     due_lair_maze_entry_diamond, grunt_livestock, minivault_16,
          grunt_ministairs_14, hangedman_feature_mirror, uniq_urug,
          uniq_nergalle
Temple:   eino_narrow_crystal_temple
Lair:1:   wad_woods_06, st_stairs_5, grunt_megastairs_4,
          infiniplex_staircase_pool_2, minmay_lair_oklob_chamber
Lair:2:   minmay_lair_oklob_tunnel, uniq_gastronok
Lair:3:   minmay_swamp_entry_eels, spider_nest_entry_webs,
          nicolae_quartered_pool_medium, cheibrodos_lair_reptile_den
Lair:4:   pond_and_an_island_with_a_cottage, uniq_josephine

Table legend:
 A = Turns spent in this place as a percentage of turns spent in the entire game.
 B = Non-inter-level travel turns spent in this place as a percentage of non-inter-level travel turns spent in the entire game.
 C = Inter-level travel turns spent in this place as a percentage of turns spent in this place.
 D = Turns resting spent in this place as a percentage of non-inter-level travel turns spent in this place.
 E = Turns spent auto-exploring this place as a percentage of non-inter-level travel turns spent in this place.
 F = Non-inter-level travel turns spent in this place divided by the number of levels of this place that you've seen.
                   A       B       C       D       E      F
               +-------+-------+-------+-------+-------+----------------------
         Total | 100.0 | 100.0 |   0.5 |   5.2 |  10.7 | 196.3
       Dungeon |  78.0 |  78.0 |   0.6 |   5.2 |  11.2 | 229.5
        Temple |   0.1 |   0.1 |   0.0 | 100.0 |   0.0 |   4.0
          Lair |  21.9 |  21.9 |   0.5 |   4.5 |   8.7 | 161.2
               +-------+-------+-------+-------+-------+----------------------

Table legend:
 A = Kills in this place as a percentage of kills in entire the game.
 B = Kills by you in this place as a percentage of kills by you in the entire game.
 C = Kills by friends in this place as a percentage of kills by friends in the entire game.
 D = Other kills in this place as a percentage of other kills in the entire game.
 E = Experience gained in this place as a percentage of experience gained in the entire game.
 F = Experience gained in this place divided by the number of levels of this place that you have seen.
                   A       B       C       D       E      F
               +-------+-------+-------+-------+-------+----------------------
         Total | 100.0 | 100.0 | 100.0 |  -nan | 100.0 | 1995.7
       Dungeon |  82.5 |  81.7 | 100.0 |  -nan |  47.4 | 1418.0
          Lair |  17.5 |  18.3 |   0.0 |  -nan |  52.6 | 3939.0
               +-------+-------+-------+-------+-------+----------------------
